 Dungeon Crawl Stone Soup version 0.30-a0-1161-g0704695555 (webtiles) character file.

Game seed: 14022320536854512973

5 ytrimaz the Trooper (level 1, 0/18 HPs)
             Began as a Demonspawn Fighter on Apr 27, 2023.
             Slain by a jackal (2 damage)
             ... on level 1 of the Dungeon.
             The game lasted 00:00:17 (98 turns).

ytrimaz the Trooper (Demonspawn Fighter)              Turns: 98, Time: 00:00:18

Health: 0/18       AC:  6    Str: 14 (16) XL:     1   Next: 66%
Magic:  1/1        EV:  9    Int:  8 (9)  God:
Gold:   15         SH:  0    Dex: 11 (12) Spells: 0/0 levels left

rFire   . . .        a - +0 war axe
rCold   . . .        (no shield)
rNeg    . . .        b - +0 scale mail
rPois   .            (no helmet)
rElec   .            (no cloak)
rCorr   .            (no gloves)
SInv    .            (no boots)
Will    .....        (no amulet) Stlth
                     (no ring)
HPRegen 0.23/turn    (no ring)
MPRegen 0.07/turn

%: no passive effects
@: mighty, brilliant
A: no striking features
a: no special abilities


You were on level 1 of the Dungeon.
You visited 1 branch of the dungeon, and saw 1 of its levels.

You collected 15 gold pieces.


   Skills:
 + Level 3.1 Fighting
 + Level 1.9 Axes
 + Level 2.8 Armour
 - Level 2.6 Shields


You couldn't memorise any spells.
You didn't know any spells.
Your spell library contained the following spells:

 Spells                   Type           Power      Damage    Failure   Level
 Beastly Appendage        Tmut           0%         N/A       87%         1
 Wereblood                Tmut           0%         N/A       95%         2
 Spider Form              Tmut/Pois      0%         N/A       99%         3

Inventory:

Hand Weapons
 a - a +0 war axe (weapon)
Armour
 b - a +0 scale mail (worn)
 c - a +0 buckler

Dungeon Overview and Level Annotations

Branches:
Dungeon (1/15) Zot: 5892

Altars:

.≈.≈.## .≈.≈..##
########.# .≈..≈..#
#.........
.≈...≈.####.######.# #
.≈...≈....#.# .# .#
.....≈.≈≈...# #.##..#
...≈.≈...≈..#####B......
..≈.<≈....≈.....hh......
..≈......≈......@J#
..≈.≈≈≈≈≈.....#####
..≈..)....#...#
.≈...≈.........
.≈..≈..#........
.≈.≈.####.##.#### .≈.≈.#
#.##.# #. #.( ..


You could see an endoplasm, 2 jackals and a giant cockroach.


Message History

😮 HP[-1]
You take 1 damage, and now have 13/18 hp.
Unknown command.
You closely miss the jackal. The jackal closely misses you.
The jackal bites you. 😮 HP[-1]
You take 1 damage, and now have 12/18 hp.
You are too injured to fight recklessly!
You hit the jackal. The jackal bites you.
The jackal closely misses you. 😮 HP[-1]
You take 1 damage, and now have 11/18 hp.
You are too injured to fight recklessly!
Unknown command.
A jackal is nearby!
Unknown command.
You closely miss the jackal. The jackal barely misses you.
The jackal bites you. 😮 HP[-1]
You take 1 damage, and now have 10/18 hp.
You are too injured to fight recklessly!
You hit the jackal. The jackal barely misses you. The jackal bites you.
You are too injured to fight recklessly!
You miss the jackal.
The jackal bites you but does no damage.
The jackal barely misses you.
You are too injured to fight recklessly!
You slash the jackal!
You kill the jackal!
Unknown command.
You are too injured to fight recklessly! 2 jackals come into view.
The jackal barks!
Unknown command.
You are too injured to fight recklessly!
There are monsters nearby!
There are monsters nearby!
Unknown command. 😮 HP[+1]
A jackal comes into view.
The jackal barks!
You are too injured to fight recklessly!
You hit the jackal. The jackal barely misses you.
A giant cockroach comes into view.
The jackal bites you but does no damage.
You are too injured to fight recklessly! 😮 HP[+1]
You hit the jackal. You closely miss the jackal. The jackal bites you.
The jackal closely misses you.
The jackal bites you but does no damage.
An endoplasm comes into view.
The jackal closely misses you.
You are too injured to fight recklessly! 😮 HP[-1]
You take 1 damage, and now have 11/18 hp.
Unknown command.
You completely miss the jackal. You barely miss the jackal.
The jackal bites you.
* * * LOW HITPOINT WARNING * * *
The jackal bites you.
* * * LOW HITPOINT WARNING * * *
The jackal barely misses you. The jackal bites you.
* * * LOW HITPOINT WARNING * * *
The jackal bites you but does no damage.
You are too injured to fight recklessly! 😨 HP[-5]
You take 5 damage, and now have 6/18 hp.
MASSIVE DAMAGE!! (PAUSE) It was a potion of brilliance.
You feel clever all of a sudden.
The jackal bites you but does no damage.
The jackal bites you.
* * * LOW HITPOINT WARNING * * *
The jackal bites you.
* * * LOW HITPOINT WARNING * * *
The jackal bites you but does no damage. 😨 HP[-1]
You take 1 damage, and now have 5/18 hp.
Unknown command.
It was a potion of degeneration.
There was something very wrong with that liquid.
You feel weakened.
You feel dopey.
You feel clumsy.
The jackal bites you but does no damage.
The jackal closely misses you.
The jackal bites you but does no damage.
The jackal barely misses you. x2
Unknown command.
You feel very mighty all of a sudden. The jackal bites you.
* * * LOW HITPOINT WARNING * * *
The jackal closely misses you. x2
The jackal bites you but does no damage. 😱 HP[-3]
You take 3 damage, and now have 2/18 hp.
Unknown command.
You barely miss the jackal. You slash the jackal!
You kill the jackal!
You closely miss the jackal.
The jackal bites you but does no damage. x3
The jackal bites you.
You die...

Action                     || total
---------------------------++-------
  Melee: War axe           ||    21
    Use: Potion            ||     3
 Armour: Scale mail        ||    18
  Dodge: Dodged            ||    24

Levels and vault maps discovered:
D:1:      ebering_trefoil_3fold, layout_loops_ring,
          ebering_ecumenical_altar_mist

Notes
Turn   | Place    | Note
-------+----------+-------------------------------------------
     0 | D:1      | ytrimaz the Demonspawn Fighter began the quest for the Orb.
     0 | D:1      | Reached XP level 1. HP: 18/18 MP: 1/1
     0 | D:1      | magus.rc [v1.9.6]
    42 | D:1      | You pick up a book of Changes and begin reading...
    42 | D:1      | You add the spells Beastly Appendage, Wereblood and Spider
                  | Form to your library.
    97 | D:1      | HP: 2/18 [jackal (3)]
    98 | D:1      | Slain by a jackal

Vanquished Creatures
  A ball python (D:1)
  A hobgoblin (D:1)
  2 jackals (D:1)
  A kobold (D:1)
5 creatures vanquished.

Table legend:
 A = Non-vault XP
 B = Vault XP
 C = Vault XP percentage of total XP
 D = Non-vault monster count
 E = Vault monster count
 F = Vault count percentage of total count
                 A         B        C        D         E       F
            +---------+---------+-------+---------+---------+-------
      Total |      10 |       0 |   0.0 |       5 |       0 |   0.0
            +---------+---------+-------+---------+---------+-------
        D:1 |      10 |       0 |   0.0 |       5 |       0 |   0.0
            +---------+---------+-------+---------+---------+-------

Action                     || total
---------------------------++-------
  Melee: War axe           ||    21
    Use: Potion            ||     3
 Armour: Scale mail        ||    18
  Dodge: Dodged            ||    24

Illustrated notes

Table legend:
 A = Kills in this place as a percentage of kills in the entire game.
 B = Kills by you in this place as a percentage of kills by you in the entire game.
 C = Kills by friends in this place as a percentage of kills by friends in the entire game.
 D = Other kills in this place as a percentage of other kills in the entire game.
 E = Experience gained in this place as a percentage of experience gained in the entire game.
 F = Experience gained in this place divided by the number of levels of this place that you have seen.
                   A       B       C       D       E      F
               +-------+-------+-------+-------+-------+----------------------
         Total | 100.0 | 100.0 |   N/A |   N/A | 100.0 |  10.0
       Dungeon | 100.0 | 100.0 |   N/A |   N/A | 100.0 |  10.0
               +-------+-------+-------+-------+-------+----------------------

Table legend: (Time is in decaauts)
 A = Elapsed time spent in this place.
 B = Non-inter-level travel time spent in this place.
 C = Inter-level travel time spent in this place.
 D = Time resting spent in this place.
 E = Time spent auto-exploring this place.
 F = Levels seen in this place.
 G = Mean time per level.
                   A        B        C        D        E       F      G
               +--------+--------+--------+--------+--------+-----+--------+
         Total |    106 |    106 |      0 |      0 |     44 |   1 |  106.0 |
       Dungeon |    106 |    106 |      0 |      0 |     44 |   1 |  106.0 |
               +--------+--------+--------+--------+--------+-----+--------+

Top non-repeatable levels by time:
     D:1: 106 daAuts
